 Dungeon Crawl Stone Soup version 0.32-a0-640-gc5db3fc80f (webtiles) character file.

Game seed: 10883744571974132103

117 mopl the Chopper (level 4, -5/35 HPs)
             Began as a Demonspawn Fighter on Mar 6, 2024.
             Slain by Duvessa
             ... wielding a +0 short sword
              (12 damage)
             ... on level 4 of the Dungeon on Mar 7, 2024.
             The game lasted 00:02:36 (2237 turns).

mopl the Chopper (Demonspawn Fighter)               Turns: 2237, Time: 00:02:37

Health: -5/35      AC: 10    Str: 18    XL:     4   Next: 71%
Magic:  4/4        EV:  6    Int:  9    God:
Gold:   206        SH: 13    Dex: 12    Spells: 3/3 levels left

rFire   . . .        b - +6 shillelagh "Devastator" {shatter}
rCold   . . .        j - +0 kite shield
rNeg    . . .        s - +0 chain mail
rPois   +            (no helmet)
rElec   .            k - +0 cloak
rCorr   .            (no gloves)
SInv    .            (no boots)
Will    .....        o - amulet of reflection Stlth
                     n - ring of poison resistance
HPRegen 0.25/turn    (no ring)
MPRegen 0.09/turn

%: reflection
@: about to teleport
A: hooves 1
a: no special abilities


You were on level 4 of the Dungeon.
You visited 1 branch of the dungeon, and saw 4 of its levels.

You collected 206 gold pieces.

Inventory:

Hand Weapons
 a - a +0 war axe
 b - the +6 shillelagh "Devastator" (weapon) {shatter}
   (You found it on level 3 of the Dungeon)
Missiles
 m - 4 poisoned darts (quivered)
Armour
 j - a +0 kite shield (worn)
 k - a +0 cloak (worn)
 s - a +0 chain mail (worn)
Magical Staves
 i - a staff of alchemy
Jewellery
 n - a ring of poison resistance (left hand)
 o - an amulet of reflection (around neck)
Scrolls
 c - a scroll of fog {unknown}
 e - 4 scrolls of teleportation
 f - a scroll of identify
 h - a scroll of immolation {unknown}
 p - 2 scrolls of revelation
Potions
 d - a potion of might
 g - a potion of attraction
 l - a potion of invisibility {unknown}
 q - a potion of enlightenment {unknown}


   Skills:
 - Level 3.0 Fighting
 + Level 4.5 Axes
 - Level 2.6 Armour
 - Level 2.6 Shields


You had 3 spell levels left.
You didn't know any spells.
Your spell library contained the following spells:

 Spells                   Type           Power      Damage    Failure   Level
 Summon Small Mammal      Summ           0%         N/A       100%        1
 Jinxbite                 Hex            0%         N/A       100%        2
 Call Canine Familiar     Summ           0%         N/A       100%        3
 Summon Blazeheart Golem  Fire/Summ      0%         N/A       100%        4
 Yara's Violent Unravell  Hex/Alch       0%         3d3       100%        5
 Enfeeble                 Hex            0%         N/A       100%        7


Dungeon Overview and Level Annotations

Branches:
Dungeon (4/15)
 Temple: D:4-7

Altars:
Hepliaklqana
Qazlal

Annotations:
D:4 Duvessa


Innate Abilities, Weirdness & Mutations

You have large cloven feet.


Message History

Saving game... please wait.
You hear the hiss of flowing sand.
There is an entrance to an ossuary on this level.
Hurry and find it before the portal is buried!
Level annotation: Dowan, Duvessa Welcome back, mopl the Demonspawn Fighter.
Press ? for a list of commands and other information.
You thump Dowan!
Dowan shudders.
You kill Dowan!
You hear a distant scream of rage.
Duvessa goes berserk!
Duvessa hits you with a +0 short sword!
Things that are here:
a +0 dagger; a +0 robe You sock Duvessa!
Duvessa shudders.
Duvessa is moderately wounded.
You kick Duvessa, but do no damage.
Duvessa is moderately wounded.
You block Duvessa's attack. Duvessa hits you but does no damage.
Duvessa hits you with a +0 short sword!
You are too injured to fight recklessly!
You are too injured to fight recklessly!
You aren't carrying any items that you can evoke.
Okay, then.
Unknown command.
As you read the scroll labelled LILEMU BIBRAL, it crumbles to dust.
You feel aware of your surroundings.
You sensed 2 shops/portals.
It was a scroll of revelation.
Duvessa hits you with a +0 short sword!
* * * LOW HITPOINT WARNING * * *
Found an escape hatch in the floor.
Found a stone staircase leading down.
Unknown command.
As you read the scroll labelled DIEMMIEGHE, it crumbles to dust.
It is a scroll of identify.
g - a potion of attraction You block Duvessa's attack. x2
As you read the scroll labelled NUTZORGH DUBET, it crumbles to dust.
You feel strangely unstable.
It was a scroll of teleportation.
Duvessa hits you with a +0 short sword.
* * * LOW HITPOINT WARNING * * *
Duvessa attacks as she pursues you! You block Duvessa's attack.
Duvessa hits you with a +0 short sword!
You die...

##.^^..^^^..####.....####**,****
#####.##.#.####.....###.,,,,,,,
#.##.#.####.....###.,,,,***
#......####.....###.,,,,*
####.########.....>.,,,,***
#.########.#####.,,,,,,,
#.########.#####.*,*****
#.#####.e).#####.,,*
#.#####@##.#####>***
#.#####.##.#####.*
#.......##.......*
#################*
############### ###############
###############


You could see Duvessa (berserk).

Vanquished Creatures
  Dowan (D:4)
  2 adders
  A dart slug (D:2)
  2 ribbon worms (D:2)
  4 ball pythons
  3 endoplasms
  2 giant cockroaches (D:1)
  3 goblins
  3 hobgoblins
  3 jackals (D:1)
  2 quokkas
  3 bats
  6 frilled lizards
  6 kobolds
  6 rats
47 creatures vanquished.

Notes
Turn   | Place    | Note
-------+----------+-------------------------------------------
     0 | D:1      | mopl the Demonspawn Fighter began the quest for the Orb.
     0 | D:1      | Reached XP level 1. HP: 18/18 MP: 1/1
    53 | D:1      | Reached skill level 2 in Axes
   210 | D:1      | Gained mutation: You have large cloven feet. [demonic
                  | ancestry]
   210 | D:1      | Reached XP level 2. HP: 24/24 MP: 2/2
   753 | D:1      | Found a faded altar of an unknown god.
   766 | D:1      | Reached skill level 3 in Axes
  1050 | D:2      | Reached XP level 3. HP: 23/29 MP: 3/3
  1786 | D:3      | Reached XP level 4. HP: 32/35 MP: 4/4
  1793 | D:3      | Found the +6 shillelagh "Devastator" {shatter}
  1845 | D:3      | Reached skill level 4 in Axes
  1980 | D:3      | Found a hazy altar of Hepliaklqana.
  2193 | D:4      | Found a stormy altar of Qazlal.
  2224 | D:4      | Noticed Dowan
  2224 | D:4      | Noticed Duvessa
  2225 | D:4      | Upgraded the game from 0.32-a0-630-g46d191b0ed to
                  | 0.32-a0-640-gc5db3fc80f
  2230 | D:4      | Killed Dowan
  2237 | D:4      | Slain by Duvessa

Illustrated notes

Levels and vault maps discovered:
D:1:      eino_arrival_cavern_b, layout_basic, ebering_ecumenical_altar_ruins,
          chequers_big_river
D:2:      layout_basic
D:3:      layout_rooms, worldfamousw_hep_ancestral_shrine
D:4:      layout_loops_cross, grunt_qazlal_sundering, serial_shops, shop,
          nicolae_ossuary_entry_giza, uniq_duvessa

Skill      XL: |  1  2  3  4 |
---------------+-------------+-----
Axes           | 2 3 4 |  4.5
Fighting       | |  3.0
Armour         | |  2.6
Shields        | |  2.6

Action                     |  1- 3 |  4- 6 || total
---------------------------+-------+-------++-------
  Melee: War axe           |   116 |       ||   116
         Kick              |    18 |     1 ||    19
         Shillelagh        |       |     3 ||     3
    Use: Scroll            |       |     3 ||     3
 Armour: Scale mail        |    99 |       ||    99
         Chain mail        |       |     6 ||     6
  Dodge: Dodged            |    41 |       ||    41
  Block: Buckler           |     9 |       ||     9
         Kite shield       |    51 |     5 ||    56
         Reflection        |     2 |       ||     2

Table legend: (Time is in decaauts)
 A = Elapsed time spent in this place.
 B = Non-inter-level travel time spent in this place.
 C = Inter-level travel time spent in this place.
 D = Time resting spent in this place.
 E = Time spent auto-exploring this place.
 F = Levels seen in this place.
 G = Mean time per level.
                   A        B        C        D        E       F      G
               +--------+--------+--------+--------+--------+-----+--------+
         Total |   2301 |   2247 |     54 |      0 |   1803 |   4 |  575.2 |
       Dungeon |   2301 |   2247 |     54 |      0 |   1803 |   4 |  575.2 |
               +--------+--------+--------+--------+--------+-----+--------+

Top non-repeatable levels by time:
     D:1: 1026 daAuts
     D:2: 720 daAuts
     D:3: 506 daAuts
     D:4: 47 daAuts
